 Dungeon Crawl Stone Soup version 0.31.0 (webtiles) character file.

Game seed: 17203376677632808139

224247 Dirian the Warrior (level 18, -11/176 HPs)
             Began as a Minotaur Fighter on Jan 19, 2024.
             Was a High Priest of Okawaru.
             Killed from afar by a nagaraja (13 damage)
             ... with a poison arrow
             ... on level 4 of the Snake Pit on Jan 20, 2024.
             The game lasted 01:05:38 (29602 turns).

Dirian the Warrior (Minotaur Fighter)              Turns: 29602, Time: 01:05:38

Health: -11/176    AC: 27    Str: 31    XL:     18   Next: 58%
Magic:  23/27      EV: 11    Int:  5    God:    Okawaru [*****.]
Gold:   1586       SH: 22    Dex: 11    Spells: 17/17 levels left

rFire   + . .        a - +3 broad axe (freeze)
rCold   . . .        G - +0 tower shield {rPois}
rNeg    . . .        H - +0 shadow dragon scales
rPois   +            P - +0 hat
rElec   +            Q - +0 cloak {Will+}
rCorr   .            k - +0 pair of gloves {Str+3}
SInv    .            j - +0 pair of boots
Will    +++..        K - amulet of regeneration
Stlth   ++++         N - ring "Habuass" {rElec rF+}
HPRegen 1.29/turn    J - ring of willpower
MPRegen 0.20/turn

%: no passive effects
@: lethally poisoned (-11 -> -20), heroic, finesse-ful, studying Maces & Flails
A: horns 2, retaliatory headbutt
}: 1/15 runes: barnacled
a: Renounce Religion, Heroism, Finesse, Duel


You were on level 4 of the Snake Pit.
You worshipped Okawaru.
Okawaru was extremely pleased with you.
You visited 5 branches of the dungeon, and saw 27 of its levels.
You also visited: Ice Cave and Volcano.

You collected 2724 gold pieces.
You spent 1138 gold pieces at shops.

Inventory:

Hand Weapons
 a - a +3 broad axe of freezing (weapon)
 b - a +0 morningstar
 X - a +2 broad axe of freezing
Missiles
 g - 65 boomerangs (quivered)
 B - 5 throwing nets
 M - 17 javelins
 T - 6 silver javelins
Armour
 j - a +0 pair of boots (worn)
 k - a +0 pair of gloves of strength (worn)
 z - a +2 cloak of cold resistance
 G - a +0 tower shield of poison resistance (worn)
 H - +0 shadow dragon scales (worn)
 O - a +1 tower shield of protection
 P - a +0 hat (worn)
 Q - a +0 cloak of willpower (worn)
Jewellery
 e - a +4 ring of slaying
 o - a ring of flight
 p - a ring of resist corrosion
 A - a ring of protection from cold
 C - a ring of see invisible
 J - a ring of willpower (right hand)
 K - an amulet of regeneration (around neck)
 N - the ring "Habuass" (left hand) {rElec rF+}
   (You bought it in a shop on level 9 of the Dungeon)

   [ring of protection from fire]

   rF+:       It protects you from fire.
   rElec:     It insulates you from electricity.
 S - the amulet of the Lich-sworn {Faith rF+ rC- Dex+3 SInv}
   (You found it on level 2 of the Orcish Mines)

   [amulet of faith]

   Faith:     It allows you to gain divine favour quickly.
   Dex+3:     It affects your dexterity (+3).
   rF+:       It protects you from fire.
   rC-:       It makes you vulnerable to cold.
   SInv:      It lets you see invisible.
 Y - a ring of poison resistance
Wands
 v - a wand of digging (8)
 F - a wand of paralysis (6)
Scrolls
 i - 3 scrolls of fog
 l - 2 scrolls of enchant armour
 r - 6 scrolls of identify
 t - 9 scrolls of teleportation
 x - 2 scrolls of revelation
 y - 2 scrolls of fear
 R - 4 scrolls of poison
Potions
 c - 5 potions of mutation
 d - 8 potions of might
 f - 2 potions of attraction
 h - 7 potions of haste
 m - 4 potions of brilliance
 n - 3 potions of resistance
 q - 7 potions of curing
 s - 5 potions of lignification
 u - a potion of cancellation
 w - 3 potions of heal wounds
 D - 13 potions of ambrosia
 E - 2 potions of invisibility
 I - a potion of berserk rage
 U - a potion of enlightenment


   Skills:
 + Level 19.1(24.1) Fighting
 - Level 16.0(21.0) Axes
 * Level 14.5(19.5) Throwing
 + Level 16.6(21.6) Armour
 + Level 17.7(22.7) Shields
 * Level 13.8 Invocations


You had 17 spell levels left.
You didn't know any spells.
Your spell library contained the following spells:

 Spells                   Type           Power      Damage    Failure   Level
 Cigotuvi's Dreadful Rot  Necr/Alch/Air  0%         N/A       94%         2
 Lesser Beckoning         Tloc           0%         N/A       94%         2
 Dazzling Flash           Conj/Hex       0%         N/A       99%         3
 Frozen Ramparts          Ice            0%         1d1       99%         3
 Gell's Gravitas          Tloc           0%         N/A       99%         3
 Hailstorm                Conj/Ice       0%         3d5       99%         3
 Mephitic Cloud           Conj/Alch/Air  0%         N/A       99%         3
 Sigil of Binding         Hex            0%         N/A       99%         3
 Teleport Other           Tloc           0%         N/A       99%         3
 Dimensional Bullseye     Hex/Tloc       0%         N/A       100%        4
 Ignite Poison            Fire/Alch      0%         N/A       100%        4
 Leda's Liquefaction      Alch/Erth      0%         N/A       100%        4
 Olgreb's Toxic Radiance  Alch           0%         N/A       100%        4
 Petrify                  Alch/Erth      0%         N/A       100%        4
 Vhi's Electric Charge    Tloc/Air       0%         N/A       100%        4
 Arcjolt                  Conj/Air       0%         1d10      100%        5
 Curse of Agony           Necr           0%         N/A       100%        5
 Freezing Cloud           Conj/Ice/Air   0%         6-21      100%        5
 Lee's Rapid Deconstruct  Erth           0%         3d4*      100%        5
 Metabolic Englaciation   Hex/Ice        0%         N/A       100%        5
 Silence                  Hex/Air        0%         N/A       100%        5
 Dispersal                Tloc           0%         N/A       100%        6
 Ozocubu's Refrigeration  Ice            0%         4d7       100%        7
 Discord                  Hex            0%         N/A       100%        8
 Maxwell's Capacitive Co  Air            0%         ∞         100%        8
 Call Canine Familiar     Summ           Unusable   N/A       N/A         3
 Summon Ice Beast         Ice/Summ       Unusable   N/A       N/A         3
 Animate Armour           Summ/Erth      Unusable   N/A       N/A         4
 Summon Lightning Spire   Summ/Air       Unusable   N/A       N/A         4
 Summon Mana Viper        Hex/Summ       Unusable   N/A       N/A         5
 Sculpt Simulacrum        Ice/Alch       Unusable   N/A       N/A         6
 Monstrous Menagerie      Summ           Unusable   N/A       N/A         7

Dungeon Overview and Level Annotations

Branches:
Dungeon (12/15) Zot: 24761  Temple (0/1) D:7            Lair (5/5) D:9 Zot: 24567
 Shoals (4/4) Lair:3 Zot: 19538   Snake (4/4) Lair:2 Zot: 19608   Slime (0/5) Lair:4
    Orc (2/2) D:10 Zot: 9943     Elf (0/3) Orc:2         IceCv (visited)
Volcano (visited)

Altars:
Ashenzari
Elyvilon
Gozag
Makhleb
Okawaru
Ru
Vehumet
Xom
Yredelemnul
The Shining One
Jiyva

Shops:
D:9 =(   D:11 :   D:12 *   Orc:2 [*[(   Shoals:2 [   Shoals:3 [   Snake:3 (

Annotations:
D:12 3 runed translucent doors
Lair:2 1 runed translucent door, PigKeeper's ghost, journeyman MfBr


Innate Abilities, Weirdness & Mutations

You have a pair of horns on your head.
You reflexively headbutt those who attack you in melee.


Message History

You furiously retaliate!
You headbutt the nagaraja, but do no damage.
You block the nagaraja's attack.
You hit the nagaraja. You freeze the nagaraja. You headbutt the nagaraja!
The nagaraja is heavily wounded.
You closely miss the nagaraja.
The nagaraja hits you but does no damage.
You block the nagaraja's attack.
You hit the nagaraja but do no damage. Your headbutt misses the nagaraja.
The nagaraja is heavily wounded.
You slice the nagaraja!! You freeze the nagaraja.
You kill the nagaraja!
Okawaru accepts your kill.
The guardian serpent coils itself and waves its upper body at you.
The bolt of poison hits you. You resist.
* * * LOW HITPOINT WARNING * * *
You barely miss the nagaraja.
The nagaraja is heavily wounded.
The nagaraja casts a spell at you. You resist with almost no effort.
You closely miss the nagaraja.
The nagaraja is heavily wounded.
You closely miss the guardian serpent. You slice the nagaraja!!
You freeze the nagaraja! Your headbutt misses the nagaraja.
The nagaraja is almost dead.
You hit the guardian serpent but do no damage.
The nagaraja spits poison at you. The splash of poison hits you. You resist.
* * * LOW HITPOINT WARNING * * *
The guardian serpent hits you!
* * * LOW HITPOINT WARNING * * *
You hit the nagaraja. You freeze the nagaraja. You headbutt the nagaraja.
The nagaraja is almost dead.
You hit the guardian serpent. You freeze the guardian serpent.
The nagaraja gestures at you while chanting.
The poison arrow hits you!
You are lethally poisoned!
You partially resist.
You die...

#....#####.####.##.........
####....#.....##..#...........
#.......#.#####.....#.........
#..........# #...)#...........
#..........# #..##.###.......#
###......<.###..####~##.~~~.##
###########..##*~~~~##≈≈≈##~
#.)## *~~~~~#####~~ #)@#
**~~..,,,,,,,,
#NS###~~~.~~~~,~~~~
##))).....~~~~,~~~~
##)†.N~.~≈~~~,~~~~
###≈≈~.~≈~~,,,~~~
*##≈.≈≈~~,,,~~~ *,NN≈N,,,,,~~
**,..,,~~~,,, ***#,~~~~~,*


You could see a nagaraja (fast) and a guardian serpent.

Vanquished Creatures
  Vashnia (Snake:3)
  2 Ice Fiends (IceCv)
  Mlioglotl (Snake:3)
  2 krakens
  Polyphemus (Shoals:3)
  Frances (D:12)
  Aizul (Snake:3)
  7 nagarajas
  A frost giant (Shoals:4)
  4 orc warlords
  A dire elephant (Lair:5)
  8 merfolk impalers
  2 merfolk javelineers
  Fannar (Orc:1)
  2 hydras
  Erolcha (Orc:1)
  An ogre mage (Orc:1)
  2 salamander tyrants
  A catoblepas (Shoals:3)
  A centaur warrior (D:12)
  5 merfolk aquamancers
  2 boulder beetles
  A dancing weapon (Volcano)
  4 two-headed ogres
  2 merfolk avatars
  8 anacondas
  12 naga warriors
  2 satyrs
  10 death yaks
  5 orc high priests
  2 occultists (Volcano)
  12 shock serpents
  12 naga sharpshooters
  A spectral death yak (Lair:5)
  8 skysharks
  5 salamander mystics
  A spectral anaconda (Lair:5)
  3 skeletal warriors (D:12)
  2 obsidian statues
  4 naga ritualists
  10 mana vipers
  22 sea snakes
  A bog body (IceCv)
  An orange crystal statue (Shoals:3)
  A lindwurm (Lair:2)
  Pikel (D:3)
  15 harpies
  4 orc knights (Orc:2)
  7 orc sorcerers
  3 ugly things (D:12)
  3 necromancers (Lair:5)
  17 fauns
  18 elephants
  9 manticores
  23 salamanders
  8 kobold blastminers (Orc:2)
  4 cyclopes
  3 meliai
  A dire elephant zombie (Lair:5)
  15 merfolk sirens
  11 naga magi
  7 water nymphs
  2 ice statues (Shoals:4)
  5 toenail golems (Volcano)
  30 black mambas
  2 gargoyles
  6 guardian serpents
  A torpor snail (Lair:4)
  13 cane toads
  6 freezing wraiths (IceCv)
  5 komodo dragons
  3 rime drakes
  An anaconda simulacrum (IceCv)
  5 ice devils (IceCv)
  A yaktaur (D:12)
  5 trolls
  33 merfolk
  3 red devils
  2 polar bears
  A queen bee (D:9)
  A hornet (D:9)
  7 wind drakes
  20 blink frogs
  2 alligator simulacra (IceCv)
  4 dream sheep
  A spectral elephant (Lair:5)
  10 snapping turtles
  3 slime creatures (D:11)
  Sigmund (D:5)
  11 water elementals
  4 vampires
  A dire elephant simulacrum (Lair:5)
  A shadow (D:11)
  A wraith (D:11)
  6 wyverns
  5 humans (Volcano)
  42 yaks
  5 wargs
  4 vampire mosquitoes (D:12)
  3 minotaur simulacra (IceCv)
  4 steam dragons
  A basilisk (Lair:2)
  2 harpy simulacra (IceCv)
  3 spectral cane toads (Lair:5)
  37 nagas
  3 acid dragons
  10 water moccasins
  2 black bears
  55 orc warriors
  An ice beast (D:6)
  2 sky beasts
  19 ogres
  13 wolves
  8 centaurs
  3 phantoms
  2 lemures (D:3)
  3 kobold brigands
  4 bullfrogs
  4 gnoll sergeants
  3 deep troll simulacra (IceCv)
  3 scorpions
  A cane toad simulacrum (Lair:5)
  9 wights
  50 killer bees
  An elephant simulacrum (Lair:5)
  2 lindwurm simulacra (IceCv)
  2 electric eels (Lair:3)
  5 howler monkeys
  3 lava snakes (Lair:2)
  5 hounds
  3 jellies
  A bombardier beetle (D:6)
  6 gnoll boudas
  32 orc priests
  3 iguanas
  28 orc wizards
  26 gnolls
  7 adders
  A shadow imp (D:7)
  2 white imps
  2 ufetubi (D:5)
  3 ribbon worms
  104 orcs
  4 bats
  3 endoplasms
  3 giant cockroaches
  7 goblins
  7 hobgoblins
  4 jackals (D:1)
  10 kobolds
  4 quokkas
  10 ball pythons
  3 frilled lizards
  5 rats
  4 tentacles
1124 creatures vanquished.

Vanquished Creatures (others)
  A naga sharpshooter (Snake:4)
  A naga mage (Snake:4)
  An orc wizard (D:9)
  5 tentacles
8 creatures vanquished.

Grand Total: 1132 creatures vanquished

Notes
Turn   | Place    | Note
-------+----------+-------------------------------------------
     0 | D:1      | Dirian the Minotaur Fighter began the quest for the Orb.
     0 | D:1      | Reached XP level 1. HP: 19/19 MP: 0/0
    12 | D:1      | Noticed a bullfrog
   237 | D:1      | Reached XP level 2. HP: 27/27 MP: 1/1
   476 | D:1      | Reached skill level 4 in Fighting
   623 | D:1      | Reached XP level 3. HP: 33/33 MP: 2/2
   897 | D:2      | Found a basalt altar of Yredelemnul.
   944 | D:2      | Reached XP level 4. HP: 40/40 MP: 3/3
  1907 | D:3      | Found an iron altar of Okawaru.
  1908 | D:3      | Found a white marble altar of Elyvilon.
  1912 | D:3      | Found a burning altar of Makhleb.
  1913 | D:3      | Found a radiant altar of Vehumet.
  1913 | D:3      | Found a sacrificial altar of Ru.
  1913 | D:3      | Found a glowing golden altar of the Shining One.
  1914 | D:3      | Found a broken altar of Ashenzari.
  2058 | D:3      | Became a worshipper of Warmaster Okawaru
  2103 | D:4      | Noticed a lemure
  2104 | D:4      | Noticed a lemure
  2114 | D:4      | Noticed a lemure
  2114 | D:4      | Noticed Pikel
  2116 | D:4      | Noticed a lemure
  2120 | D:3      | Killed a lemure
  2123 | D:3      | Killed a lemure
  2163 | D:3      | Killed Pikel
  2163 | D:3      | Reached * piety under Okawaru
  2163 | D:3      | Reached ** piety under Okawaru
  2164 | D:3      | Reached skill level 5 in Fighting
  2164 | D:3      | Reached skill level 5 in Armour
  2164 | D:3      | Reached XP level 5. HP: 23/48 MP: 4/4
  2164 | D:3      | Reached XP level 6. HP: 27/56 MP: 5/5
  2164 | D:3      | Reached XP level 7. HP: 30/61 MP: 6/6
  2864 | D:5      | Entered Level 5 of the Dungeon
  3109 | D:5      | Noticed a steam dragon
  3121 | D:5      | Killed a steam dragon
  3341 | D:5      | Reached XP level 8. HP: 69/69 MP: 7/7
  3362 | D:5      | Noticed Sigmund
  3373 | D:5      | Killed Sigmund
  3594 | D:6      | Reached skill level 6 in Fighting
  3601 | D:6      | Reached *** piety under Okawaru
  3696 | D:6      | Reached skill level 5 in Shields
  4070 | D:6      | Reached skill level 1 in Invocations
  4175 | D:6      | Reached skill level 1 in Throwing
  4204 | D:6      | Identified the +1 short sword "Lizuiryff" {heavy, Str+4}
  4303 | D:6      | Reached **** piety under Okawaru
  4304 | D:6      | Reached skill level 10 in Axes
  4460 | D:7      | Reached XP level 9. HP: 73/78 MP: 7/9
  4526 | D:7      | Found an opulent altar of Gozag.
  4535 | D:7      | Found a staircase to the Ecumenical Temple.
  4795 | D:7      | Reached skill level 7 in Fighting
  5631 | D:8      | Reached XP level 10. HP: 83/86 MP: 8/11
  5740 | D:8      | Reached ***** piety under Okawaru
  6896 | D:8      | Reached skill level 8 in Fighting
  7188 | D:9      | Reached skill level 5 in Invocations
  7189 | D:9      | Reached skill level 5 in Throwing
  7308 | D:9      | Reached XP level 11. HP: 87/95 MP: 13/13
  7327 | D:9      | Found a staircase to the Lair.
  7513 | D:9      | Received a gift from Okawaru
  7583 | D:9      | Found Zugoskun's Jewellery Boutique.
  7585 | D:9      | Bought the ring "Habuass" {rElec rF+} for 507 gold pieces
  7724 | D:9      | Reached skill level 10 in Armour
  7894 | D:9      | Found Kabb's Antique Weapon Boutique.
  7975 | D:10     | Entered Level 10 of the Dungeon
  8068 | D:10     | Noticed a boulder beetle
  8085 | D:10     | Killed a boulder beetle
  8086 | D:10     | Reached skill level 9 in Fighting
  8163 | D:10     | Received a gift from Okawaru
  8431 | D:10     | Found a staircase to the Orcish Mines.
  8608 | D:10     | Identified the +3 scale mail of Yredelemnul, Conjuring {rF+
                  | rCorr Int-2 Dex+3}
  9007 | D:11     | Found Eguc's Book Emporium.
  9080 | D:11     | HP: 2/97 [acid dragon/splash of acid (13)]
  9460 | D:11     | Reached ****** piety under Okawaru
  9463 | D:11     | Acquired a +4 war axe of venom
  9463 | D:11     | Received a gift from Okawaru
  9465 | D:11     | Acquired a +0 cloak of willpower
  9465 | D:11     | Received a gift from Okawaru
  9798 | D:12     | Reached XP level 12. HP: 75/105 MP: 15/15
 10277 | D:12     | Noticed a boulder beetle
 10283 | D:12     | Killed a boulder beetle
 10283 | D:12     | Received a gift from Okawaru
 10336 | D:12     | Reached skill level 10 in Fighting
 10388 | D:12     | Found Vethrom's Assorted Antiques.
 10423 | D:12     | Noticed a two-headed ogre
 10429 | D:12     | Killed a two-headed ogre
 10492 | D:12     | Noticed Frances
 10509 | D:12     | Killed Frances
 10510 | D:12     | Reached skill level 15 in Axes
 10829 | D:12     | Noticed a centaur warrior
 10841 | D:12     | Killed a centaur warrior
 10841 | D:12     | Received a gift from Okawaru
 10900 | D:12     | Found a runed translucent door.
 10900 | D:12     | Noticed a deep troll earth mage
 10900 | D:12     | Noticed a four-headed hydra
 10901 | D:12     | Found a runed translucent door.
 10902 | D:12     | Found a runed translucent door.
 10902 | D:12     | Noticed a fire dragon
 11009 | D:12     | Identified the +6 rapier of Ylyz {spect, Int+2}
 11430 | Lair:1   | Entered Level 1 of the Lair of Beasts
 11740 | Lair:1   | You fall into a shaft and drop 1 floor!
 12026 | Lair:2   | Found a runed translucent door.
 12026 | Lair:2   | Found a shimmering altar of Xom.
 12026 | Lair:2   | Noticed PigKeeper's ghost (journeyman MfBr)
 12026 | Lair:2   | Identified the +3 dire flail of Foul Odours {chaos, *Rage
                  | rElec rN++ Will+}
 12293 | Lair:2   | Reached XP level 13. HP: 36/114 MP: 10/18
 12297 | Lair:2   | Received a gift from Okawaru
 12417 | Lair:2   | Found a staircase to the Snake Pit.
 12727 | Lair:2   | Identified the +1 trident "Baxall" {venom, rC+ Str+3 Dex+2}
 13253 | D:9      | Bought a ring of poison resistance for 260 gold pieces
 13512 | Lair:3   | Reached skill level 11 in Fighting
 13570 | Lair:3   | Found a dark tunnel.
 13590 | Lair:3   | Received a gift from Okawaru
 13605 | Volcano  | Entered a volcano
 14144 | Lair:3   | Received a gift from Okawaru
 14250 | Lair:3   | Reached skill level 12 in Fighting
 14931 | Lair:3   | Found a staircase to the Shoals.
 15006 | Lair:4   | Found a staircase to the Slime Pits.
 15006 | Lair:4   | Found a viscous altar of Jiyva.
 15171 | Lair:4   | Received a gift from Okawaru
 15187 | Lair:4   | Reached XP level 14. HP: 104/127 MP: 18/20
 15474 | Lair:4   | Found a runed translucent door.
 15924 | Lair:5   | Entered Level 5 of the Lair of Beasts
 15934 | Lair:5   | Received a gift from Okawaru
 16223 | Lair:5   | Reached skill level 13 in Fighting
 16311 | Lair:5   | Found a burning altar of Makhleb.
 16688 | Lair:5   | Received a gift from Okawaru
 16822 | Lair:5   | Reached skill level 10 in Shields
 16840 | Lair:5   | Reached skill level 10 in Throwing
 16860 | Lair:5   | Identified the +1 ring mail of Dawn {Regen+ rCorr Str+3
                  | Stlth+}
 16910 | Lair:5   | Reached skill level 10 in Invocations
 17503 | Orc:1    | Entered Level 1 of the Orcish Mines
 17512 | Orc:1    | Noticed Erolcha
 17536 | Orc:1    | Killed Erolcha
 17536 | Orc:1    | Received a gift from Okawaru
 17950 | Orc:2    | Entered Level 2 of the Orcish Mines
 17963 | Orc:2    | Reached skill level 14 in Fighting
 18004 | Orc:1    | Noticed Fannar
 18009 | Orc:1    | Noticed an orc warlord
 18013 | Orc:1    | Killed Fannar
 18130 | Orc:1    | Killed an orc warlord
 18361 | Orc:2    | Reached XP level 15. HP: 130/139 MP: 21/21
 18813 | Orc:2    | Found a staircase to the Elven Halls.
 18874 | Orc:2    | Identified the amulet of the Lich-sworn {Faith rF+ rC-
                  | Dex+3 SInv}
 19114 | Orc:2    | Received a gift from Okawaru
 19223 | Orc:2    | Found Uryesaunt's Antique Weapon Boutique.
 19241 | Orc:2    | Bought a glowing broad axe for 210 gold pieces
 19255 | Orc:2    | Found Tegij's Armour Shop.
 19264 | Orc:2    | Reached skill level 15 in Fighting
 19554 | Orc:2    | Found Xeseatuume's Antique Armour Boutique.
 19680 | Orc:2    | Found Taoc's General Store.
 19695 | Orc:2    | Bought a scroll of enchant weapon for 105 gold pieces
 19695 | Orc:2    | Bought a potion of might for 56 gold pieces
 19969 | Snake:1  | Entered Level 1 of the Snake Pit
 19981 | Snake:1  | Reached skill level 15 in Armour
 19987 | Snake:1  | Received a gift from Okawaru
 20326 | Snake:1  | You fall into a shaft and drop 1 floor!
 20377 | Snake:2  | Found an iron altar of Okawaru.
 20506 | Snake:2  | Noticed a nagaraja
 20516 | Snake:2  | Killed a nagaraja
 21936 | Snake:2  | Received a gift from Okawaru
 21951 | Snake:2  | Reached skill level 16 in Fighting
 22283 | Snake:3  | Reached XP level 16. HP: 151/151 MP: 23/23
 22354 | Snake:3  | Found a transporter.
 22395 | Snake:3  | Found Zucseh's Weapon Boutique.
 22397 | Snake:3  | Found a transporter.
 22651 | Snake:3  | Noticed Vashnia
 22805 | Snake:3  | Killed Vashnia
 22863 | Snake:3  | Noticed Mlioglotl
 22863 | Snake:3  | Identified the serpent talisman of Het Umos {Str+4}
 22863 | Snake:3  | Noticed Aizul
 22882 | Snake:3  | Killed Aizul
 22888 | Snake:3  | Killed Mlioglotl
 23108 | Shoals:1 | Entered Level 1 of the Shoals
 23265 | Shoals:1 | Received a gift from Okawaru
 23688 | Shoals:1 | Received a gift from Okawaru
 23906 | Shoals:1 | Found a glowing golden altar of the Shining One.
 24055 | Shoals:1 | Noticed a kraken
 24067 | Shoals:1 | Killed a kraken
 24248 | Shoals:2 | Reached skill level 17 in Fighting
 24286 | Shoals:2 | Found Kukyzur's Antique Armour Shoppe.
 24835 | Shoals:2 | Reached XP level 17. HP: 131/161 MP: 25/25
 25450 | Shoals:3 | Reached skill level 15 in Shields
 25498 | Shoals:3 | Found a transporter.
 25582 | Shoals:3 | Noticed a kraken
 25590 | Shoals:3 | Killed a kraken
 25636 | Shoals:3 | Identified the +11 dagger of the Bashing Traitor {flame,
                  | ^Fragile Int+2 Dex+8}
 25639 | Shoals:3 | Found Vaul's Antique Armour Emporium.
 25679 | Shoals:3 | Noticed Polyphemus
 25699 | Shoals:3 | Killed Polyphemus
 25869 | Shoals:3 | Found a transporter.
 26338 | Shoals:3 | Received a gift from Okawaru
 26374 | Shoals:3 | Identified the +1 war axe "Ufon" {freeze, ^Drain Int+4}
 26412 | Shoals:4 | Entered Level 4 of the Shoals
 26451 | Shoals:4 | Found a glacial archway.
 26613 | IceCv    | Entered an ice cave
 26833 | IceCv    | Noticed an Ice Fiend
 26833 | IceCv    | Noticed an Ice Fiend
 26851 | IceCv    | Killed an Ice Fiend
 26861 | IceCv    | Killed an Ice Fiend
 27647 | Shoals:4 | Reached skill level 18 in Fighting
 27697 | Shoals:4 | Received a gift from Okawaru
 27711 | Shoals:4 | Got a barnacled rune of Zot
 28217 | Snake:4  | Entered Level 4 of the Snake Pit
 28389 | Snake:4  | Reached XP level 18. HP: 164/173 MP: 26/26
 28454 | Snake:4  | Received a gift from Okawaru
 29388 | Snake:4  | Received a gift from Okawaru
 29536 | Snake:4  | Reached skill level 19 in Fighting
 29601 | Snake:4  | HP: 1/176 [guardian serpent (15)]
 29602 | Snake:4  | Killed from afar by a nagaraja

Illustrated notes

Levels and vault maps discovered:
D:1:      evilmike_arrival_come_back, layout_loops_cross,
          chequers_serial_rivers_room_a
D:2:      layout_basic, basic_altar, corexii_item_surrounded_by_moat
D:3:      layout_loops_ring, minitemple, solitary_fountain
D:4:      layout_cave_pools, st_stairs_12, guppyfry_early_orc_mine, uniq_pikel
D:5:      layout_basic, uniq_sigmund
D:6:      layout_loops_cross
D:7:      layout_cave_pools, mainiacjoe_overflow_brackets, temple_fountains,
          minmay_misc_feat_secret_circle, dreamdust_gnoll_shepherd
D:8:      kennysheep_seaside_town, layout_loops_ring, nicolae_grassy_gnolls
D:9:      layout_basic, erik_lair_dragon, serial_shops, shop,
          nicolae_shop_gaudy_bauble, special_room [special_room_bee]
D:10:     layout_loops_corners, orc_0_dummy, corexii_corridor_pit,
          nicolae_figureground_pulse
D:11:     layout_big_octagon, serial_shops, nicolae_shop_statue_plus
D:12:     minmay_the_grid_triangle_9x9_rhombus_full
          [minmay_the_grid_triangle_9x9_warning,
          minmay_the_grid_triangle_9x9_impossible_snake,
          minmay_the_grid_triangle_9x9_sprig,
          minmay_the_grid_triangle_9x9_zippers_horizontal,
          minmay_the_grid_triangle_9x9_fully_insulated_deathbox,
          minmay_the_grid_triangle_9x9_corrupted_corridor,
          minmay_the_grid_triangle_9x9_alien,
          minmay_the_grid_triangle_9x9_prize_insulated], layout_grid_maze,
          serial_shops, nicolae_take_the_stairs, chequers_garden,
          nzn_life_drinkers, uniq_frances
Lair:1:   layout_chaotic_city, dreamdust_mushroom_princess, lemuel_fruit_tree
Lair:2:   layout_cave_pods, nicolae_snake_entry_warm_welcome, ebering_ghost_xom,
          beast_lair_carwin_10
Lair:3:   layout_regular_city, elwin_shoals_entry_rooms,
          nicolae_volcano_entry_lava_flow, nicolae_quartered_pool_little,
          serial_bayou_pond_e
Lair:4:   layout_misc_corridors, slime_entry_1, pf_torpor_hydra,
          infiniplex_staircase_pool
Lair:5:   due_jungle_book, layout_loops_ring, basic_altar, grunt_megastairs_5
Shoals:1: layout_shoals, lemuel_centaur_altar
Shoals:2: layout_shoals, serial_shops, shop, nicolae_shoals_former_cling_halls
Shoals:3: gammafunk_sealed_arena, layout_shoals, serial_shops,
          nicolae_shop_rolling_square, nicolae_shoals_elemental_ambush,
          uniq_polyphemus
Shoals:4: shoals_end_grunt_ice, layout_shoals,
          portal_ice_cave_entry_ice_statue_two
Snake:1:  layout_layer_cave, nicolae_snake_gridmaze_swirls, serial_bayou_shore_b
Snake:2:  layout_onion_interference, basic_altar, serial_bayou_pond_e
Snake:3:  nicolae_snake_attic_fulla_snakes, layout_concentric_octagons,
          serial_shops, nicolae_shop_drivethru, uniq_mlioglotl, uniq_aizul,
          uniq_vashnia
Snake:4:  grunt_snake_rune_pools, layout_misc_corridors, serial_bayou_shore_b
Orc:1:    layout_caves, einodemon_armed_red_devil_minivault, uniq_fannar,
          uniq_erolcha
Orc:2:    pubby_orc_utopia

Skill      XL: |  1  2  3  4  5  6  7  8  9 10 11 12 13 14 15 16 17 18 |
---------------+-------------------------------------------------------+-----
Armour         | 4 5 6 7 8 9 10 11 13 14 15 16 | 16.6
Shields        | 4 5 6 7 8 9 10 12 14 16 17 | 17.7
Fighting       | 4 5 6 7 8 9 10 12 14 16 17 18 19 | 19.1
Axes           | 3 6 8 10 11 12 14 15 16 | 16.0
Invocations    | 1 3 5 6 8 9 10 11 12 13 | 13.8
Throwing       | 1 3 5 6 8 9 10 11 12 14 | 14.5

Action                     |  1- 3 |  4- 6 |  7- 9 | 10-12 | 13-15 | 16-18 || total
---------------------------+-------+-------+-------+-------+-------+-------++-------
  Melee: War axe           |    68 |    43 |   247 |   154 |       |       ||   512
         Headbutt          |    13 |     9 |    48 |    99 |   225 |   280 ||   674
         Broad axe         |       |       |       |   374 |  1033 |  1139 ||  2546
         Morningstar       |       |       |       |       |    15 |       ||    15
  Throw: Boomerang         |       |       |       |    16 |       |   106 ||   122
 Invoke: Heroism           |       |       |     4 |    10 |    20 |    30 ||    64
         Receive Weapon    |       |       |       |     1 |       |       ||     1
         Receive Armour    |       |       |       |     1 |       |       ||     1
         Finesse           |       |       |       |     2 |     2 |     7 ||    11
    Use: Scroll            |       |    10 |     8 |     8 |     7 |     5 ||    38
         Potion            |       |       |       |     3 |       |     3 ||     6
   Stab: Sleeping          |       |       |       |       |    10 |     2 ||    12
         Petrified         |       |       |       |       |       |     6 ||     6
         Distracted        |       |       |       |       |       |     2 ||     2
         Petrifying        |       |       |       |       |       |     1 ||     1
 Armour: Scale mail        |    55 |    15 |       |       |       |       ||    70
         Chain mail        |       |    17 |   170 |   196 |       |       ||   383
         Plate armour      |       |       |       |   257 |   363 |       ||   620
         Shadow dragon sca |       |       |       |       |   365 |   771 ||  1136
  Dodge: Dodged            |    44 |    18 |   113 |   233 |   289 |   252 ||   949
  Block: Buckler           |    17 |     8 |    73 |   175 |   212 |       ||   485
         Kite shield       |       |       |       |       |   226 |    20 ||   246
         Tower shield      |       |       |       |       |       |  1240 ||  1240
